 Dungeon Crawl Stone Soup version 0.31-a0-408-gb642c7f9a3 (webtiles) character file.

Game seed: 13083923058199119479

1265 Pooter the Ruffian (level 8, -5/38 HPs)
             Began as a Demigod Shapeshifter on July 29, 2023.
             Slain by a gnoll
             ... wielding a +0 flail
             ... led by a gnoll bouda
              (7 damage)
             ... on level 6 of the Dungeon.
             The game lasted 00:31:32 (6049 turns).

Pooter the Ruffian (Demigod Shapeshifter)           Turns: 6049, Time: 00:31:32

Health: -5/38      AC:  2    Str: 24    XL:     8   Next: 6%
Magic:  10/10      EV:  7    Int: 10    God:
Gold:   187        SH:  0    Dex: 14    Spells: 5/7 levels left

rFire   . .          .
                       - Unarmed
rCold   . . .        (shield currently unavailable)
rNeg    . . .        v - +0 plate armour
rPois   .            (no helmet)
rElec   .            D - +0 cloak
rCorr   .            (gloves currently unavailable)
SInv    .            f - +0 pair of boots
Will    .....        y - amulet of magic regeneration Stlth
                     W - ring of wizardry
HPRegen 0.26/turn    (no ring)
MPRegen 0.52/turn

%: wizardry (x1)
@: blade hands
A: reduced hp, high MP 1, forlorn, divine attributes
a: Begin Untransformation


You were on level 6 of the Dungeon.
You had blades for hands.
You visited 1 branch of the dungeon, and saw 6 of its levels.

You collected 244 gold pieces.
You spent 57 gold pieces at shops.

Inventory:

Hand Weapons
 b - the +1 shortbow "Costix" {drain, rElec rC+ rN+}
   (You acquired it on level 3 of the Dungeon)

   rC:        It protects you from cold.
   rElec:     It insulates you from electricity.
   rN:        It protects you from negative energy.
 u - a +0 spear
   (You took it off a gnoll on level 2 of the Dungeon)
 w - a +2 hand axe of electrocution
   (You found it on level 3 of the Dungeon)
 E - a +0 sling
   (You found it on level 1 of the Dungeon)
 F - a +2 vampiric hand axe
   (You took it off an orc on level 4 of the Dungeon)
Missiles
 z - 6 boomerangs
 A - 10 poisoned darts
 Q - 26 stones (quivered)
Armour
 a - a +0 animal skin
 f - a +0 pair of boots (worn)
   (You found it on level 1 of the Dungeon)
 h - a +0 ring mail
   (You found it on level 1 of the Dungeon)
 p - a +0 chain mail
   (You found it on level 2 of the Dungeon)
 v - a +0 plate armour (worn)
   (You found it on level 3 of the Dungeon)
 D - a +0 cloak (worn)
   (You found it on level 4 of the Dungeon)
Jewellery
 y - an amulet of magic regeneration (around neck)
   (You found it on level 3 of the Dungeon)
 W - a ring of wizardry (left blade hand)
   (You took it off a kobold on level 4 of the Dungeon)
Talismans
 c - a beast talisman
 s - a blade talisman
   (You found it on level 3 of the Dungeon)
Wands
 C - a wand of roots (2)
   (You took it off Ijyb on level 4 of the Dungeon)
Scrolls
 g - 2 scrolls of amnesia
 j - 2 scrolls of torment {!r}
 k - a scroll of enchant weapon {unknown}
 l - a scroll of poison {!r}
 q - a scroll of enchant armour
 r - 2 scrolls of noise {!r}
 t - a scroll of teleportation {@r4}
 x - 2 scrolls of revelation
 B - a scroll of blinking
Potions
 d - 2 potions of mutation {!q}
 e - a potion of magic {unknown}
 m - 2 potions of curing {@q1}
 n - a potion of ambrosia {unknown}
 o - 2 potions of brilliance


   Skills:
 + Level 3.5 Fighting
 + Level 3.7 Ranged Weapons
 - Level 2.7 Dodging
 * Level 5.5 Unarmed Combat
 * Level 5.1 Shapeshifting


You had 5 spell levels left.
You knew the following spells:

 Your Spells              Type           Power      Damage    Failure   Level
b - Blink                 Tloc           0%         N/A       100%        2

Your spell library contained the following spells:

 Spells                   Type           Power      Damage    Failure   Level
 Sublimation of Blood     Necr           0%         N/A       100%        2
 Wereblood                Tmut           0%         N/A       100%        2
 Call Canine Familiar     Summ           0%         N/A       100%        3
 Portal Projectile        Hex/Tloc       0%         N/A       100%        3
 Summon Guardian Golem    Hex/Summ       0%         N/A       100%        3
 Leda's Liquefaction      Hex/Erth       0%         N/A       100%        4
 Manifold Assault         Tloc           0%         N/A       100%        4
 Orb of Destruction       Conj           0%         9d5       100%        7
 Spellforged Servitor     Conj/Summ      0%         N/A       100%        7
 Summon Hydra             Summ           0%         N/A       100%        7


Dungeon Overview and Level Annotations

Branches:
Dungeon (6/15) Zot: 26748
 Temple: D:4-7

Shops:
D:1 *   D:5 =

Annotations:
D:5 2 transporters


Innate Abilities, Weirdness & Mutations

You have blades for hands.
Your maximum health is decreased, since you lack skill for your form.
Your spellcasting is less reliable in this form.
You are incapable of wielding weapons or throwing items.
You have an increased reservoir of magic. (+10% MP)
You shall have no god before yourself.
Your divine heritage dramatically boosts your attributes as you level up.


Message History

The sky beast flickers out of sight!
Deactivating autopickup; reactivate with Ctrl-A.
Something hits you but does no damage.
You barely miss something. Something hits you. Something shocks you.
* * * LOW HITPOINT WARNING * * *
You miss something.
A sky beast appears from thin air!
Reactivating autopickup.
The sky beast barely misses you.
You slice the sky beast!!
You kill the sky beast!
You have reached level 8!
You start resting.
Found 8 stones.
Found 5 gold pieces.
Found an escape hatch in the ceiling.
You now have 187 gold pieces (gained 5).
Found a robe.
Q - 26 stones (gained 8)
Found a stone staircase leading down.
You see here a +0 robe.
An ice beast comes into view. 2 gnolls come into view.
The gnoll shouts! x2; You hear a shout!
A gnoll comes into view. It is wielding a +0 club.
A gnoll bouda comes into view. It is wielding a +0 club.
The gnoll moves out of view.
The gnoll bouda shouts!
The gnoll bouda barks out a call to the hunt!
The gnolls pick up the pace!
The ice beast hits you. The ice beast freezes you!
You hear a shout!
You slash the ice beast! You barely miss the ice beast.
A gnoll comes into view. It is wielding a +0 whip.
The ice beast barely misses you.
You slash the ice beast! The ice beast hits you. The ice beast freezes you!
* * * LOW HITPOINT WARNING * * *
You are too injured to fight recklessly!
You are too injured to fight recklessly!
Unknown command.
You closely miss the ice beast.
The gnoll bouda barks out a call to the hunt!
The ice beast hits you.
* * * LOW HITPOINT WARNING * * *
The ice beast freezes you.
* * * LOW HITPOINT WARNING * * *
The gnoll hits you with a +0 flail!
You die...

#.. .g. .g# #.## .g.##
#.g. #####g#####..
#.#####....@Y......
.....>..###..######
..###..[####...#########
###....###.......<†#
####.............#
######........#
#.....###### #####.....#
..........#


You could see an ice beast, a gnoll bouda and 4 gnolls.

Vanquished Creatures
  The ghost of OldManVictorn the Twirler, an amateur GnWn (D:5)
  Duvessa (D:4)
  A sky beast (D:6)
  2 ogres
  3 scorpions (D:5)
  3 killer bees (D:5)
  Dowan (D:4)
  A hound (D:5)
  An orc priest (D:4)
  2 jellies
  3 iguanas (D:5)
  Ijyb (D:4)
  3 gnolls
  2 adders
  A dart slug (D:2)
  10 orcs
  4 bats (D:1)
  7 endoplasms
  3 giant cockroaches (D:1)
  6 goblins
  8 hobgoblins
  8 jackals (D:1)
  6 kobolds
  2 quokkas
  10 ball pythons
  6 frilled lizards
  2 rats (D:1)
98 creatures vanquished.

Notes
Turn   | Place    | Note
-------+----------+-------------------------------------------
     0 | D:1      | Pooter the Demigod Shapeshifter began the quest for the
                  | Orb.
     0 | D:1      | Reached XP level 1. HP: 15/15 MP: 3/3
    64 | D:1      | Reached skill level 1 in Fighting
   218 | D:1      | Reached XP level 2. HP: 22/23 MP: 4/4
   852 | D:1      | Reached XP level 3. HP: 28/28 MP: 5/5
   897 | D:1      | Found Zeerphil's Assorted Antiques.
   912 | D:1      | Bought a scroll labelled LOUCWAUWYIC for 21 gold pieces
   912 | D:1      | Bought a bubbling blue potion for 18 gold pieces
   912 | D:1      | Bought a bubbling blue potion for 18 gold pieces
  1193 | D:2      | Reached skill level 1 in Ranged Weapons
  1535 | D:1      | Reached XP level 4. HP: 23/35 MP: 6/6
  2851 | D:3      | Learned a level 2 spell: Blink
  2905 | D:3      | Identified a scroll of acquirement
  2906 | D:3      | Acquired the +1 shortbow "Costix" {drain, rElec rC+ rN+}
  3443 | D:4      | Noticed Ijyb
  3458 | D:4      | Killed Ijyb
  3459 | D:4      | Reached XP level 5. HP: 9/41 MP: 7/7
  3744 | D:4      | Noticed Duvessa
  3744 | D:4      | Noticed Dowan
  3762 | D:4      | Killed Duvessa
  3763 | D:4      | Reached XP level 6. HP: 11/48 MP: 8/8
  3766 | D:4      | Killed Dowan
  4470 | D:5      | Entered Level 5 of the Dungeon
  4508 | D:5      | Found Uckeaso's Jewellery Shop.
  4846 | D:5      | Reached XP level 7. HP: 20/56 MP: 9/9
  5222 | D:5      | Found a runed translucent door.
  5223 | D:5      | Noticed OldManVictorn's ghost (amateur GnWn)
  5253 | D:5      | Killed OldManVictorn's ghost
  5254 | D:5      | Reached skill level 5 in Unarmed Combat
  5356 | D:5      | Noticed a troll
  5357 | D:5      | Noticed a wyvern
  5376 | D:5      | Found a transporter.
  5384 | D:5      | Found a transporter.
  5808 | D:5      | Reached skill level 5 in Shapeshifting
  5949 | D:6      | Reached XP level 8. HP: 20/63 MP: 10/10
  6049 | D:6      | Slain by a gnoll

Illustrated notes

Levels and vault maps discovered:
D:1:      co_arrival_square_in_a_square_in_a_square, layout_loops_corners,
          serial_shops, shop
D:2:      layout_basic, basic_altar, hellmonk_ecumenical_altar_run_dry,
          roderic_malta_cross, serial_park_tiny_2, kennysheep_generic_room_9
D:3:      layout_loops_corners, nicolae_overflow_ecumenical_swirl
D:4:      layout_rooms, nicolae_uskayaw_murder_on_the_dancefloor,
          grunt_temple_overflow_open, nicolae_titane, uniq_ijyb, uniq_duvessa
D:5:      layout_loops_ring, gammafunk_temple_overflow_arena, serial_shops,
          shop, ebering_ghost_reflecting_pool
D:6:      layout_rooms, temple_pool_b

Skill      XL: |  1  2  3  4  5  6  7 |
---------------+----------------------+-----
Fighting       | 1 2 3 |  3.5
Dodging        | 2 |  2.7
Shapeshifting  | 3 4 5 |  5.1
Unarmed Combat | 3 4 5 |  5.5
Ranged Weapons | 1 2 3 |  3.7

Action                     |  1- 3 |  4- 6 |  7- 9 || total
---------------------------+-------+-------+-------++-------
  Melee: Unarmed           |    80 |    95 |    69 ||   244
         Punch             |     4 |     4 |     2 ||    10
   Fire: Sling             |    75 |    20 |       ||    95
         Shortbow          |       |    39 |       ||    39
  Throw: Stone             |       |       |     2 ||     2
  Evoke: Wand              |       |     5 |     2 ||     7
    Use: Potion            |     1 |       |       ||     1
         Scroll            |     2 |     9 |     2 ||    13
 Armour: Skin              |    13 |       |       ||    13
         Animal skin       |     2 |       |       ||     2
         Ring mail         |     2 |       |       ||     2
         Plate armour      |       |    72 |    35 ||   107
  Dodge: Dodged            |    45 |    39 |    17 ||   101
         Form:             |     1 |     1 |       ||     2
         Beast             |     1 |     1 |       ||     2
         Blade             |       |       |     1 ||     1

Table legend: (Time is in decaauts)
 A = Elapsed time spent in this place.
 B = Non-inter-level travel time spent in this place.
 C = Inter-level travel time spent in this place.
 D = Time resting spent in this place.
 E = Time spent auto-exploring this place.
 F = Levels seen in this place.
 G = Mean time per level.
                   A        B        C        D        E       F      G
               +--------+--------+--------+--------+--------+-----+--------+
         Total |   6080 |   5884 |    196 |   1948 |   2972 |   6 | 1013.3 |
       Dungeon |   6080 |   5884 |    196 |   1948 |   2972 |   6 | 1013.3 |
               +--------+--------+--------+--------+--------+-----+--------+

Top non-repeatable levels by time:
     D:5: 1471 daAuts
     D:1: 1328 daAuts
     D:2: 1103 daAuts
     D:3: 1042 daAuts
     D:4: 1029 daAuts
     D:6: 107 daAuts
